 Seeded DCSS version 0.29-a0-350-g7790a0e70a (webtiles) character file.

Game seed: 10379163089297173258 (custom seed)

102 thiscave3701365 the Chopper (level 4, -5/60 HPs)
             Began as a Minotaur Berserker on Apr 22, 2022.
             Was a Believer of Trog.
             Slain by a kobold
             ... wielding a +2 dagger of electrocution
              (12 damage)
             ... on level 2 of the Dungeon.
             The game lasted 00:01:23 (2127 turns).

thiscave3701365 the Chopper (Minotaur Berserker)    Turns: 2127, Time: 00:01:23

Health: -5/60      AC: 11    Str: 24    XL:     4   Next: 49%
Magic:  3/3        EV:  7    Int:  4    God:    Trog [**....]
Gold:   159        SH:  0    Dex:  9    Spells: 3/3 levels left

rFire   . . .      SeeInvis .   a - +0 hand axe
rCold   . . .      Faith    .   (no shield)
rNeg    . . .      Spirit   .   h - +0 plate armour
rPois   .          Reflect  .   (helmet restricted)
rElec   .          Harm     .   (no cloak)
rCorr   .          Rampage  .   (no gloves)
Will    .....                   (no boots)
Stlth   ..........              (no amulet)
HPRegen 0.20/turn               (no ring)
MPRegen 0.08/turn               (no ring)

@: berserking, very quick
A: horns 2, retaliatory headbutt
a: Renounce Religion, Berserk, Trog's Hand


You were on level 2 of the Dungeon.
You worshipped Trog.
Trog was pleased with you.
You visited 1 branch of the dungeon, and saw 2 of its levels.

You collected 159 gold pieces.

Inventory:

Hand Weapons
 a - a +0 hand axe (weapon)
Missiles
 k - a throwing net
Armour
 b - a +0 animal skin
 h - a +0 plate armour (worn)
Jewellery
 e - a +6 ring of dexterity
Scrolls
 c - 3 scrolls of teleportation {unknown}
 d - 4 scrolls of identify {unknown}
 f - a scroll of enchant armour {unknown}
 l - a scroll of blinking {unknown}
 m - a scroll of vulnerability {unknown}
Potions
 g - a potion of heal wounds {unknown}
 i - a potion of lignification {unknown}
 j - 2 potions of cancellation {unknown}
 n - a potion of curing {unknown}
 o - a potion of haste {unknown}


   Skills:
 - Level 3.9 Fighting
 + Level 6.2 Axes
 - Level 2.5 Armour
 - Level 2.3 Dodging


You had 3 spell levels left.
You didn't know any spells.
Your spell library was empty.

Dungeon Overview and Level Annotations

Branches:
Dungeon (2/15)

Altars:
Fedhas

Shops:
D:2 *


Innate Abilities, Weirdness & Mutations

You have a pair of horns on your head.
You reflexively headbutt those who attack you in melee.


Message History

A kobold is nearby!
There is a stone staircase leading down here.
Unknown command.
A kobold is nearby!
The kobold hits you but does no damage.
A kobold is nearby!
You closely miss the kobold. The kobold hits you but does no damage.
You are electrocuted!
Unknown command.
A kobold is nearby!
You closely miss the kobold. The kobold barely misses you.
A kobold is nearby!
A kobold is nearby!
You miss the kobold. The kobold hits you but does no damage.
You are electrocuted!!
Ouch! That really hurt!
* * * LOW HITPOINT WARNING * * *
A kobold is nearby!
You are too injured to fight recklessly!
A kobold is nearby!
You are too injured to fight recklessly!
A kobold is nearby!
You are too injured to fight recklessly!
A kobold is nearby!
You are too injured to fight recklessly!
A kobold is nearby!
You are too injured to fight recklessly!
A kobold is nearby!
You are too injured to fight recklessly!
A kobold is nearby!
You are too injured to fight recklessly!
A kobold is nearby!
You are too injured to fight recklessly!
You are too injured to fight recklessly!
A red film seems to cover your vision as you go berserk!
You feel yourself moving faster!
You feel mighty!
The kobold hits you with a +2 dagger of electrocution.
* * * LOW HITPOINT WARNING * * *
You are electrocuted!
You die...

##.# #.#
########.##
#.........#
#........(#
#.........##
#..........# #
#........#.###.#
##########.>@K.#
#######


You could see a kobold.

Vanquished Creatures
  3 gnolls (D:2)
  An adder (D:2)
  3 worms (D:2)
  5 endoplasms
  A giant cockroach (D:2)
  5 goblins
  10 jackals (D:2)
  2 kobolds (D:1)
  3 quokkas
  6 ball pythons (D:1)
  8 bats (D:1)
  A frilled lizard (D:2)
  3 rats
51 creatures vanquished.

Vanquished Creatures (others)
  8 plants (D:2)
8 creatures vanquished.

Grand Total: 59 creatures vanquished

Notes
Turn   | Place    | Note
-------+----------+-------------------------------------------
     0 | D:1      | thiscave3701365 the Minotaur Berserker began the quest for
                  | the Orb.
     0 | D:1      | Reached XP level 1. HP: 19/19 MP: 0/0
   188 | D:1      | Reached XP level 2. HP: 26/27 MP: 1/1
   244 | D:1      | Reached skill level 4 in Axes
  1041 | D:2      | Reached ** piety under Trog
  1042 | D:2      | Reached XP level 3. HP: 31/33 MP: 2/2
  1137 | D:2      | Found a blossoming altar of Fedhas.
  1153 | D:2      | Reached skill level 5 in Axes
  1199 | D:2      | Reached XP level 4. HP: 25/40 MP: 3/3
  1425 | D:2      | Reached skill level 6 in Axes
  1755 | D:2      | Found Kieph's Assorted Antiques.
  2127 | D:2      | Slain by a kobold

Illustrated notes

Levels and vault maps discovered:
D:1:      lemuel_arrival_room, layout_basic, kennysheep_decorative_pillar
D:2:      wad_lake_hut, layout_basic, basic_altar, serial_shops,
          nicolae_shop_window_shopping

Skill      XL: |  1  2  3  4 |
---------------+-------------+-----
Axes           | 4 5 6 |  6.2
Fighting       | |  3.9
Armour         | |  2.5
Dodging        | |  2.3

Action                   |  1- 3 |  4- 6 || total
-------------------------+-------+-------++-------
Melee: Hand axe          |    65 |    52 ||   117
       Headbutt          |     7 |    10 ||    17
Invok: Berserk           |       |     1 ||     1
Armor: Animal skin       |    10 |       ||    10
       Plate armour      |    37 |    27 ||    64
Dodge: Dodged            |    43 |     9 ||    52

Table legend: (Time is in decaauts)
 A = Elapsed time spent in this place.
 B = Non-inter-level travel time spent in this place.
 C = Inter-level travel time spent in this place.
 D = Time resting spent in this place.
 E = Time spent auto-exploring this place.
 F = Levels seen in this place.
 G = Mean time per level.
                   A        B        C        D        E       F      G
               +--------+--------+--------+--------+--------+-----+--------+
         Total |   2171 |   2098 |     73 |      0 |   1818 |   2 | 1085.5 |
       Dungeon |   2171 |   2098 |     73 |      0 |   1818 |   2 | 1085.5 |
               +--------+--------+--------+--------+--------+-----+--------+

Top non-repeatable levels by time:
     D:2: 1134 daAuts
     D:1: 1036 daAuts
